 Dungeon Crawl Stone Soup version 0.30-a0-900-g23479c02f2 (webtiles) character file.

Game seed: 15497095175521969935

868 porpoise the Trooper (level 8, 0/61 HPs)
             Began as a Djinni Fire Elementalist on Mar 19, 2023.
             Killed by divine providence
             ... invoked by an orc priest
              (9 damage)
             ... on level 5 of the Dungeon.
             The game lasted 00:21:28 (4635 turns).

porpoise the Trooper (Djinni Fire Elementalist)     Turns: 4635, Time: 00:21:29

Health: 0/61       AC:  4    Str:  7    XL:     8   Next: 23%
Gold:   197        EV: 12    Int: 20    God:
                   SH:  0    Dex: 13

rFire   + + .      SeeInvis .    a - +0 dagger (drain)
rCold   x . .      Faith    .    (no shield)
rNeg    . . .      Spirit   .    z - +0 robe {Will+}
rPois   ∞          Reflect  .    e - +1 hat
rElec   .          Rampage  .    t - +0 cloak
rCorr   .                        (no gloves)
Will    +....                    (boots unavailable)
Stlth   ++                       (no amulet)
HPRegen 0.30/turn                (no ring)
MPRegen 0.00/turn                (no ring)

@: about to teleport, flying
A: sickness immunity, fire resistance 2, cold vulnerability 1, float, innate
caster, HP casting, extra vitality 1
a: no special abilities


You were on level 5 of the Dungeon.
You visited 1 branch of the dungeon, and saw 5 of its levels.
You also visited: Sewer.

You collected 249 gold pieces.
You spent 52 gold pieces at shops.

Inventory:

Hand Weapons
 a - a +0 dagger of draining (weapon)
 b - a +0 sling of chaos
 n - a +2 hand axe of electrocution
 x - a +0 whip of venom
 y - a +4 dagger
Missiles
 r - 30 poisoned darts (quivered)
 A - 5 boomerangs
Armour
 e - a +1 hat (worn)
 t - a +0 cloak (worn)
 z - a +0 robe of willpower (worn)
Jewellery
 B - a ring of ice
Wands
 d - a wand of flame (18)
 o - a wand of quicksilver (7)
Scrolls
 f - a scroll of vulnerability {unknown}
 g - a scroll of noise
 i - a scroll of teleportation
 j - a scroll of poison
 k - a scroll of summoning {unknown}
 l - a scroll of brand weapon
 p - a scroll of blinking {unknown}
 q - a scroll of immolation {unknown}
 s - a scroll of torment {unknown}
 w - a scroll of enchant weapon {unknown}
 C - a scroll of fear {unknown}
Potions
 c - a potion of mutation
 h - 6 potions of heal wounds
 m - 2 potions of curing
 u - a potion of invisibility {unknown}
 v - a potion of cancellation {unknown}


   Skills:
 + Level 6.0 Fighting
 - Level 2.1 Dodging
 - Level 1.5 Stealth
 + Level 5.3 Spellcasting


You knew the following spells:

 Your Spells              Type           Power      Damage    Failure   Level
a - Foxfire               Conj/Fire      100%       2x1d9     1%          1
b - Scorch                Fire           52%        2d7       1%          2
c - Kindle Blastsparks    Fire/Tloc/Air  52%        2d14      3%          3
d - Inner Flame           Hex/Fire       26%        N/A       3%          3
f - Apportation           Tloc           52%        N/A       1%          1
i - Ignite Poison         Fire/Tmut/Pois 26%        N/A       3%          3
p - Passwall              Tmut/Erth      21%        N/A       1%          2
w - Flame Wave            Conj/Fire      26%        2d8       12%         4
Your spell library was empty.

Dungeon Overview and Level Annotations

Branches:
Dungeon (5/15)              Sewer (visited)
 Temple: D:4-7

Altars:
Hepliaklqana

Shops:
D:4 *


Innate Abilities, Weirdness & Mutations

You are immune to sickness and miasma.
You are immune to poison.
Your flesh is very heat resistant. (rF++)
You are vulnerable to cold. (rC-)
You float through the air rather than walking.
You learn spells naturally, not from books.
Your magical power is your life essence.
You have superior vitality. (+4 MHP)


Message History

Okay, then.
Throw: 33 darts (poison)
Press: ? - help, Q - select action, (/) - cycle Shift-Dir - straight line, f - black bear
Aim: a black bear (moderately wounded, 68% to hit)
You throw a poisoned dart. The poisoned dart hits the black bear.
The black bear is moderately wounded.
The orc priest mumbles some strange prayers to Beogh against you.
Beogh smites you!
Throw: 32 darts (poison)
Press: ? - help, Q - select action, (/) - cycle Shift-Dir - straight line, f/p - black bear
Aim: a black bear (moderately wounded, 68% to hit)
You throw a poisoned dart.
The poisoned dart closely misses the black bear.
The poisoned dart barely misses the orc priest.
The orc priest calls down the wrath of Beogh upon you.
Beogh smites you!
Throw: 31 darts (poison)
Press: ? - help, Q - select action, (/) - cycle Shift-Dir - straight line, f/p - black bear
Aim: a black bear (moderately wounded, 68% to hit)
You throw a poisoned dart. The poisoned dart hits the black bear.
The black bear is poisoned.
The black bear is moderately wounded.
The black bear barely misses you.
The black bear claws you but does no damage.
The black bear barely misses you.
Casting: Foxfire (safe; 1% risk of failure)
Confirm with . or Enter, or press ? or * to list all spells.
You ignite the poison in your surroundings!
The black bear seems to burn from within!
The black bear is almost dead.
The black bear bites you. The black bear barely misses you.
The black bear claws you but does no damage.
The orc priest invokes the aid of Beogh against you.
Beogh smites you!
* * * LOW HITPOINT WARNING * * *
As you read the scroll of teleportation, it crumbles to dust.
You feel strangely unstable.
The black bear goes berserk!
The orc priest mumbles some strange prayers to Beogh against you.
Beogh smites you!
You die...

.. ##.# #.## # [..##..##
#..##### #.
.......###......# ...
###.......######
...##.........##
.....##............#
......##.....:.....#
##....##...........#
#......##.......@..# ..
#.......##.......h.######...
.........###.....).........#
...........##...o..o......#
.....<[†[.†..........###.##
....................o.##
...†......#...#........#
.........###...........(.#
.........###.............#


You could see a black bear (berserk), 2 orc priests and an orc.

Vanquished Creatures
  An ogre (D:4)
  2 phantoms
  2 kobold brigands (Sewer)
  A scorpion (D:4)
  A jelly (D:4)
  A gnoll bouda (D:4)
  An orc priest (D:5)
  An iguana (D:4)
  An orc wizard (D:5)
  9 adders
  4 gnolls (D:4)
  2 river rats (Sewer)
  5 worms
  7 dart slugs
  6 orcs
  A bat skeleton (D:4)
  3 bat zombies (D:4)
  8 endoplasms
  2 giant cockroaches
  6 goblins
  10 hobgoblins
  9 jackals
  6 quokkas
  11 ball pythons
  4 bats (D:3)
  A frilled lizard (D:3)
  20 kobolds
  29 rats
154 creatures vanquished.

Vanquished Creatures (others)
  312 foxfires
312 creatures vanquished.

Grand Total: 466 creatures vanquished

Notes
Turn   | Place    | Note
-------+----------+-------------------------------------------
     0 | D:1      | porpoise the Djinni Fire Elementalist began the quest for
                  | the Orb.
     0 | D:1      | porpoise set off with the following spells memorised:
                  | Foxfire, Scorch, Kindle Blastsparks, Inner Flame, Flame
                  | Wave.
     0 | D:1      | Reached XP level 1. HP: 15/15 MP: 0/0
    48 | D:1      | Reached skill level 1 in Fighting
    48 | D:1      | Reached XP level 2. HP: 18/22 MP: 0/0
   338 | D:1      | Reached XP level 3. HP: 25/27 MP: 0/0
   338 | D:1      | Learned a level 1 spell: Apportation
   815 | D:1      | Reached skill level 2 in Fighting
  1050 | D:2      | Reached XP level 4. HP: 31/33 MP: 0/0
  1310 | D:2      | You are sucked into a shaft and drop 1 floor!
  1540 | D:2      | Reached XP level 5. HP: 34/40 MP: 0/0
  1540 | D:2      | Learned a level 2 spell: Passwall
  1967 | D:2      | Found a faded altar of an unknown god.
  2274 | D:3      | Reached skill level 3 in Fighting
  2640 | D:4      | Reached XP level 6. HP: 36/46 MP: 0/0
  2642 | D:4      | Found Tewoq's General Store.
  2700 | D:4      | Bought a scroll of identify for 26 gold pieces
  2700 | D:4      | Bought a scroll of identify for 26 gold pieces
  2734 | D:4      | Found a glowing drain.
  2753 | Sewer    | Entered a sewer
  2803 | Sewer    | Reached skill level 4 in Fighting
  3195 | Sewer    | Reached XP level 7. HP: 43/53 MP: 0/0
  3195 | Sewer    | Learned a level 3 spell: Ignite Poison
  3468 | D:4      | Reached skill level 5 in Fighting
  4113 | D:4      | Found a hazy altar of Hepliaklqana.
  4234 | D:4      | Reached skill level 5 in Spellcasting
  4452 | D:5      | Entered Level 5 of the Dungeon
  4478 | D:5      | Reached XP level 8. HP: 58/60 MP: 0/0
  4602 | D:5      | Reached skill level 6 in Fighting
  4635 | D:5      | Killed from afar by an orc priest

Illustrated notes

Levels and vault maps discovered:
D:1:      minmay_arrival_arboretum_large, layout_basic, bh_walls_and_bars
D:2:      layout_loops_corners, ebering_ecumenical_altar_abandoned,
          grunt_ministairs_2
D:3:      layout_basic, kennysheep_small_spiral
D:4:      layout_loops_corners, kennysheep_vampire_church,
          kennysheep_little_box, mainiacjoe_overflow_paths, serial_shops,
          nicolae_shop_temple_entry_statues_fountains,
          cheibrodos_sewer_entry_bend, st_stairs_7
D:5:      layout_layer_cave, fedhas_altar_fruit_tree

Skill      XL: |  1  2  3  4  5  6  7  8 |
---------------+-------------------------+-----
Fighting       | 1 2 3 4 5 6 |  6.0
Spellcasting   | 3 4 5 |  5.3
Dodging        | |  2.1
Stealth        | |  1.5

Action                     |  1- 3 |  4- 6 |  7- 9 || total
---------------------------+-------+-------+-------++-------
  Melee: Unarmed           |     6 |       |       ||     6
         Short sword       |     7 |     5 |       ||    12
         Dagger            |       |    10 |     6 ||    16
   Fire: Sling             |       |    16 |       ||    16
  Throw: Dart              |       |       |     3 ||     3
   Cast: Foxfire           |    54 |    90 |    36 ||   180
         Scorch            |     3 |    11 |    23 ||    37
         Kindle Blastspark |       |     4 |     1 ||     5
         Flame Wave        |       |     1 |       ||     1
         Ignite Poison     |       |       |     1 ||     1
    Use: Scroll            |       |     8 |     3 ||    11
   Stab: Sleeping          |       |     1 |       ||     1
 Armour: Robe              |     2 |     7 |     4 ||    13
  Dodge: Dodged            |    17 |    43 |    17 ||    77

Table legend: (Time is in decaauts)
 A = Elapsed time spent in this place.
 B = Non-inter-level travel time spent in this place.
 C = Inter-level travel time spent in this place.
 D = Time resting spent in this place.
 E = Time spent auto-exploring this place.
 F = Levels seen in this place.
 G = Mean time per level.
                   A        B        C        D        E       F      G
               +--------+--------+--------+--------+--------+-----+--------+
         Total |   4639 |   4493 |    146 |    616 |   2600 |   6 |  773.2 |
       Dungeon |   3948 |   3802 |    146 |    478 |   2481 |   5 |  789.6 |
         Sewer |    690 |    690 |      0 |    138 |    119 |   1 |  690.0 |
               +--------+--------+--------+--------+--------+-----+--------+

Top non-repeatable levels by time:
     D:4: 1195 daAuts
     D:2: 1028 daAuts
     D:1: 922 daAuts
   Sewer: 690 daAuts
     D:3: 666 daAuts
     D:5: 135 daAuts
